Map: Proxima Station LE

Players

aLive - Winner!

  • Race: Terran Terran
  • Spawn Location: 7:00

TYTY (TY)

  • Race: Terran Terran
  • Spawn Location: 1:00

Event: IEM XI Katowice - World Championship 2017

VOD

Have the link to the VOD?

Description

Time

  • Played on: March 5, 2017, 5:42 a.m.
  • Length: 11:06

All games in this series

Show
View Real Time Build Order
Export as new Build Order

aLive Terran - Winner!

Build Orders: Reaper Expand, Bio Tank 

Get SALT Encoding   

  12  0:00  SCV  
  13  0:12  SCV  
  14  0:17  Supply Depot  
  14  0:24  SCV  
  14  0:28  Refinery  
  15  0:39  SCV  
  16  0:45  Barracks  
  16  0:51  SCV  
  17  1:03  SCV  
  18  1:15  SCV  
  19  1:31  Orbital Command  
  19  1:32  Reaper  
  20  1:45  Command Center  
  20  1:56  Factory  
  20  2:00  SCV  
  21  2:05  Refinery  
  21  2:07  Barracks Reactor  
  21  2:12  SCV  
  22  2:19  Supply Depot  
  22  2:24  SCV  
  23  2:40  SCV  
  23  2:41  Starport  
  23  2:43  Marine x2  
  26  2:44  Factory Tech Lab  
  26  2:52  SCV  
  26  2:58  Orbital Command  
  27  3:04  SCV  
  28  3:06  Marine x2  
  33  3:12  Siege Tank  
  33  3:19  Viking  
  35  3:20  SCV  
  35  3:23  SCV  
  35  3:26  Marine  
  35  3:27  Marine  
  38  3:32  SCV  
  40  3:35  SCV  
  40  3:37  Supply Depot  
  41  3:45  SCV  
  41  3:48  SCV  
  43  3:51  Siege Tank  
  46  3:58  Marine x2, Viking  
  46  4:02  SCV x2  
  52  4:03  Supply Depot  
  52  4:14  SCV x2  
  54  4:23  Command Center  
  54  4:32  SCV  
  54  4:33  SCV  
  54  4:34  Supply Depot  
  54  4:35  Refinery  
  54  4:36  Refinery  
  56  4:43  Engineering Bay  
  56  4:44  Engineering Bay, Factory Reactor  
  56  4:48  SCV x2  
  58  4:57  Marine  
  58  4:58  Stimpack  
  58  4:59  Starport Reactor  
  59  5:00  SCV x2  
  61  5:12  SCV x2  
  63  5:18  Marine  
  63  5:19  Barracks  
  63  5:20  Terran Infantry Armor Level 1, Terran Infantry Weapons Level 1  
  64  5:28  Factory Tech Lab  
  64  5:29  SCV x2, Barracks  
  66  5:37  Barracks  
  66  5:38  Orbital Command  
  66  5:39  Barracks  
  66  5:41  SCV x2  
  68  5:48  Siege Tank  
  68  5:49  Marine  
  72  5:53  SCV x2  
  72  6:02  Supply Depot  
  72  6:03  Supply Depot  
  72  6:05  SCV x3  
  72  6:08  Marine  
  72  6:09  Marine x2  
  78  6:11  Medivac  
  78  6:13  Medivac  
  78  6:17  SCV x2  
  78  6:18  SCV  
  85  6:24  Supply Depot  
  85  6:28  Barracks Reactor x2  
  85  6:29  Supply Depot, SCV  
  85  6:30  SCV x2  
  88  6:36  Marine x4  
  88  6:37  Marine, Siege Tank  
  96  6:41  SCV  
  96  6:42  Armory, SCV x2  
  96  6:46  Refinery  
  99  6:47  Refinery  
  99  6:49  Medivac x2  
  99  6:53  SCV  
  99  6:54  SCV x2  
  106  7:02  Supply Depot  
  106  7:03  Combat Shields  
  106  7:04  Marine x7  
  106  7:05  Supply Depot, Marine x2  
  114  7:09  SCV x3  
  117  7:23  Factory  
  117  7:24  Siege Tank, Medivac x2  
  117  7:28  Marine x9  
  133  7:34  Terran Infantry Weapons Level 2  
  133  7:36  Terran Infantry Armor Level 2  
  133  7:46  Supply Depot x2  
  133  7:47  Supply Depot  
  133  7:48  Supply Depot  
  132  7:54  Marine  
  133  8:02  Marine x2  
  133  8:03  Marine x2  
  133  8:07  Marine x3  
  133  8:10  Marine  
  133  8:12  Marine  
  136  8:20  Marine x4  
  136  8:23  Factory Tech Lab, Siege Tank  
  136  8:24  Medivac x2  
  136  8:25  Marine  
  136  8:26  Terran Vehicle Weapons Level 1  
  143  8:37  Command Center  
  143  8:39  Marine x8  
  149  8:45  Marine, Siege Tank  
  153  8:54  Barracks, Medivac x2  
  153  8:55  Siege Tank, Barracks  
  160  8:57  Marine x5  
  165  9:02  Marine x2  
  165  9:03  Supply Depot x2  
  165  9:05  Supply Depot x2  
  165  9:08  Supply Depot  
  160  9:14  Marine  
  160  9:15  Marine x6  
  161  9:20  Marine  
  156  9:24  Siege Tank, Medivac x2  
  163  9:38  Marine x8  
  163  9:39  Marine  
  163  9:40  Siege Tank  
  175  9:49  Planetary Fortress  
  174  9:52  Missile Turret  
  174  9:54  Barracks Reactor x2  
  174  9:56  Marine  
  174  10:10  Marine x8  
  174  10:14  Marine  
  178  10:28  Marine x4  
  135  10:39  Marine  
  135  10:40  Marine x8  
  153  10:45  Marine  
Show
View Real Time Build Order
Export as new Build Order

TYTY Terran 

Build Orders: Reaper Expand, Bio Tank 

Get SALT Encoding   

  12  0:00  SCV  
  13  0:12  SCV  
  14  0:17  Supply Depot  
  14  0:24  SCV  
  15  0:28  Refinery  
  15  0:39  SCV  
  16  0:44  Barracks  
  16  0:51  SCV  
  17  1:03  SCV  
  18  1:15  SCV  
  19  1:31  Reaper, Orbital Command  
  20  1:45  Command Center  
  20  1:57  Factory  
  20  2:00  SCV  
  21  2:07  Barracks Reactor  
  21  2:14  SCV  
  21  2:16  Supply Depot  
  21  2:26  SCV, Refinery  
  22  2:38  SCV  
  22  2:44  Marine, Starport  
  25  2:46  Marine  
  25  2:50  SCV  
  26  2:53  Factory Tech Lab  
  26  2:57  Orbital Command  
  26  3:02  Marine, SCV  
  26  3:04  Marine  
  29  3:14  SCV  
  29  3:19  Marine  
  30  3:22  Marine  
  30  3:23  SCV  
  30  3:26  SCV  
  34  3:29  Raven  
  36  3:35  Supply Depot, SCV  
  36  3:36  Factory Tech Lab  
  36  3:38  SCV  
  36  3:39  Marine x2  
  40  3:47  SCV  
  41  3:50  SCV  
  42  4:01  Command Center  
  42  4:03  Siege Tank  
  42  4:05  SCV  
  42  4:07  SCV  
  47  4:10  Marine x2  
  47  4:16  Refinery  
  49  4:18  SCV, Refinery  
  49  4:21  SCV  
  49  4:23  Supply Depot  
  51  4:30  SCV  
  54  4:45  SCV x2  
  56  4:47  Marine x2  
  56  4:50  Viking  
  56  4:51  Siege Tank  
  59  4:57  SCV  
  59  4:59  Supply Depot  
  60  5:01  SCV  
  61  5:09  SCV  
  61  5:13  SCV  
  63  5:20  Viking  
  63  5:21  SCV  
  63  5:24  Orbital Command  
  63  5:25  SCV  
  65  5:32  Supply Depot, Barracks Reactor  
  65  5:33  SCV  
  66  5:37  SCV  
  66  5:48  SCV, Barracks  
  66  5:49  Engineering Bay, SCV  
  68  5:50  Engineering Bay, Barracks  
  68  5:55  Siege Tank  
  71  6:00  SCV  
  71  6:01  SCV  
  73  6:07  Orbital Command  
  73  6:12  SCV  
  73  6:13  SCV  
  73  6:15  Viking  
  76  6:21  Supply Depot x2  
  76  6:22  Marine, Viking  
  76  6:23  Stimpack  
  76  6:24  Terran Infantry Armor Level 1, Terran Infantry Weapons Level 1, SCV  
  80  6:27  SCV  
  81  6:33  SCV  
  81  6:36  SCV  
  81  6:38  Barracks Reactor  
  81  6:39  SCV, Barracks Reactor  
  84  6:43  Supply Depot, Siege Tank  
  84  6:44  Supply Depot x2, Marine  
  84  6:45  SCV  
  89  6:48  SCV  
  89  6:52  SCV  
  91  6:55  Barracks  
  91  6:57  SCV, Barracks  
  91  6:58  Viking  
  91  7:00  Viking, SCV  
  97  7:04  SCV  
  97  7:06  Marine  
  97  7:07  Supply Depot  
  99  7:11  SCV  
  99  7:13  SCV  
  99  7:14  Marine  
  99  7:15  Marine x3  
  105  7:18  SCV  
  105  7:21  Supply Depot  
  106  7:23  Marine  
  106  7:27  Armory  
  64  7:30  Medivac x2  
  108  7:32  Marine, Siege Tank  
  108  7:33  Marine, SCV  
  108  7:36  Sensor Tower  
  116  7:40  Marine  
  116  7:42  SCV x2  
  118  7:48  Barracks Reactor x2  
  118  7:51  Liberator  
  118  7:54  Sensor Tower, Refinery  
  118  7:57  Marine x4  
  122  8:00  Marine  
  122  8:04  Siege Tank  
  121  8:06  Missile Turret  
  121  8:15  Marine x4  
  121  8:17  SCV x2  
  121  8:18  Marine  
  126  8:32  Marine  
  126  8:33  Marine x3  
  132  8:35  Marine x2  
  132  8:41  Marine  
  132  8:45  Marine, Supply Depot x2  
  132  8:46  Supply Depot  
  132  8:47  Siege Tank  
  136  8:49  Orbital Command  
  136  8:54  Marine x2  
  138  8:56  SCV x2  
  138  9:01  Refinery  
  140  9:08  SCV x2  
  142  9:13  Missile Turret  
  142  9:14  Marine  
  142  9:16  Marine  
  142  9:17  Marine x3  
  144  9:19  Siege Tank, SCV  
  144  9:21  Viking x2  
  144  9:23  Refinery  
  148  9:25  Missile Turret  
  148  9:26  Combat Shields  
  148  9:28  SCV  
  151  9:35  Armory, SCV x2  
  151  9:37  Engineering Bay  
  151  9:45  Marine  
  151  9:46  Marine x4  
  151  9:51  Medivac x2  
  162  9:52  Marine  
  162  9:53  Marine x2  
  162  9:55  Supply Depot  
  162  9:58  Supply Depot  
  161  10:03  Supply Depot  
  161  10:04  Supply Depot x2  
  161  10:05  Missile Turret  
  161  10:13  Marine  
  161  10:14  Marine  
  157  10:17  SCV x2  
  157  10:21  SCV, Medivac x2  
  140  10:30  Marine  
  140  10:31  Marine  
  140  10:34  SCV x2  
  113  10:39  SCV  
  114  10:46  SCV x2  

Tags
 
Add a new tag
Caveats
  • Supply blocks, unpowered buildings, or Contaminate may cause inaccurate times.
  • Supply counts are checked every 10 seconds.